 Dungeon Crawl Stone Soup version 0.20-a0-1116-gaa52201 (webtiles) character file.

652 GEC the Thaumaturge (level 7, -6/47 HPs)
             Began as a Gnoll Wanderer on May 7, 2017.
             Mangled by an orc priest
             ... wielding a +0 war axe
              (8 damage)
             ... on level 3 of the Dungeon.
             The game lasted 00:24:43 (4699 turns).

GEC the Thaumaturge (Gnoll Wanderer)                Turns: 4699, Time: 00:24:44

Health: -6/47      AC:  2    Str: 10    XL:     7   Next: 54%
Magic:  11/18      EV: 12    Int: 15    God:
Gold:   150        SH:  0    Dex: 14    Spells: 10/22 levels left

rFire    . . .     SeeInvis +   i - +2 short sword (elec)
rCold    . . .     Gourm    .   (no shield)
rNeg     . . .     Faith    .   d - +0 robe
rPois    .         Spirit   .   (no helmet)
rElec    .         Reflect  .   (no cloak)
rCorr    .         Harm     .   (no gloves)
MR       .....                  (no boots)
Stlth    ++........             (no amulet)
Regen    0.2/turn               q - ring of see invisible
MPRegen  0.2/turn               (no ring)

@: no status effects
A: short attention span, fangs 1, strong nose
a: no special abilities


You were on level 3 of the Dungeon.
You were hungry.

You visited 1 branch of the dungeon, and saw 4 of its levels.

You collected 150 gold pieces.

Inventory:

Hand Weapons
 i - a +2 short sword of electrocution (weapon)
Missiles
 h - 14 poisoned needles
 m - 8 curare-tipped needles
Armour
 d - a +0 robe (worn)
Jewellery
 o - an uncursed ring of fire
 q - a ring of see invisible (left hand)
Scrolls
 e - 2 scrolls of teleportation
 p - a scroll of fog
 r - 4 scrolls of identify
Potions
 g - a potion of brilliance
 k - 3 potions of flight
 n - a potion of haste
 t - a potion of agility {unknown}
Books
 a - a book of Minor Magic

   Spells                             Type                      Level
   a - Magic Dart                     Conjuration                  1
   b - Blink                          Translocation                2
   c - Call Imp                       Summoning                    2
   d - Slow                           Hexes                        2
   e - Conjure Flame                  Conjuration/Fire             3
   f - Mephitic Cloud                 Conjuration/Poison/Air       3
 b - the Handbook of Venom

   Spells                             Type                      Level
   a - Sting                          Conjuration/Poison           1
   b - Mephitic Cloud                 Conjuration/Poison/Air       3
 c - the Reference Book on Ice

   Spells                             Type                      Level
   a - Freeze                         Ice                          1
   b - Ozocubu's Armour               Charms/Ice                   3
 s - a book of Misfortune

   Spells                             Type                      Level
   a - Confusing Touch                Hexes                        1
   b - Confuse                        Hexes                        3
   c - Gell's Gravitas                Translocation                3
   d - Petrify                        Transmutation/Earth          4
   e - Metabolic Englaciation         Hexes/Ice                    5
   f - Yara's Violent Unravelling     Hexes/Transmutation          5
Comestibles
 f - 3 bread rations
 l - 3 chunks of flesh


   Skills:
 + Level 0.9 Fighting
 + Level 2.4 Short Blades
 + Level 1.7 Throwing
 + Level 2.1 Dodging
 + Level 0.9 Stealth
   Level 1.7 Shields
 * Level 8.2 Spellcasting
 + Level 3.5 Conjurations
   Level 1.7 Charms
 + Level 1.2 Summonings
 + Level 4.8 Translocations
 + Level 5.6 Ice Magic
 + Level 3.7 Poison Magic


You had 10 spell levels left.
You knew the following spells:

 Your Spells              Type           Power        Failure   Level  Hunger
a - Freeze                Ice            ###.         1%          1    None
b - Sting                 Conj/Pois      ###.         2%          1    None
c - Blink                 Tloc           N/A          2%          2    None
d - Mephitic Cloud        Conj/Pois/Air  ##......     13%         3    ##.....
e - Call Imp              Summ           #.......     11%         2    None
f - Conjure Flame         Conj/Fire      ##......     17%         3    ##.....


Dungeon Overview and Level Annotations

Branches:
Dungeon (4/15)
 Temple: D:4-7

Altars:
Fedhas
Kikubaaqudgha
Yredelemnul

Shops:
D:4 :

Annotations:
D:4 Grinder


Innate Abilities, Weirdness & Mutations

You have a short attention span.
You have very sharp teeth.
Your uncanny sense of smell can sniff out nearby items.


Message History

A mysterious force pulls you upwards.
The hatch slams shut behind you. 2 orcs come into view.
The orc shouts!
The orc priest shouts!
The orc shouts!
The orc hits you.
* * * LOW HITPOINT WARNING * * *
Casting: Blink
Confirm with . or Enter, or press ? or * to list all spells.
Okay, then.
You feel better. The orc hits you but does no damage.
The orc priest hits you with a war axe.
* * * LOW HITPOINT WARNING * * *
Casting: Blink
Confirm with . or Enter, or press ? or * to list all spells.
You blink.
Casting: Blink
Confirm with . or Enter, or press ? or * to list all spells.
You blink.
The orc hits you.
* * * LOW HITPOINT WARNING * * *
The orc priest hits you with a war axe!
You die...

##...## ##.....# #.......
#....... ##############
#....... ##.....##.....##
##.....#
##........ยง.....##
#....... #..........o.....#
#....... #..........o@....#
#....... #...........o....#
##.....# #................#
##...##
#####................#
####.#.
.....................#
#....#.
.#####..............##
###....#. .#
##.....)#.....## ##........
.##
######)###########..##.#...
..## #.######......##..#...


You could see an orc priest and 2 orcs.

Vanquished Creatures
  A phantom (D:4)
  A howler monkey (D:4)
  A hound (D:4)
  3 orc priests
  4 orc wizards
  A worker ant (D:4)
  2 hound skeletons
  4 gnolls (D:3)
  8 adders
  An adder skeleton (D:4)
  6 dart slugs
  3 leopard geckos
  9 orcs
  A ball python (D:1)
  4 bats
  5 giant cockroaches
  3 goblins
  5 hobgoblins
  12 jackals
  10 kobolds
  3 quokkas
  4 frilled lizards
  7 rats
98 creatures vanquished.

Vanquished Creatures (collateral kills)
  The ghost of GEC the Magician, an amateur GnWn (D:3)
1 creature vanquished.

Vanquished Creatures (others)
  Blork the orc (D:4)
1 creature vanquished.

Grand Total: 100 creatures vanquished

Notes
Turn   | Place    | Note
-------+----------+-------------------------------------------
     0 | D:1      | GEC the Gnoll Wanderer began the quest for the Orb.
     0 | D:1      | GEC set off with: a book of Minor Magic, the Handbook of Venom, the Reference Book on Ice, a +0 robe, a +0 dagger, a bread ration
     0 | D:1      | Reached XP level 1. HP: 13/13 MP: 5/5
     0 | D:1      | Identified the Handbook of Venom
     0 | D:1      | Identified the Reference Book on Ice
     2 | D:1      | Learned a level 1 spell: Freeze
     4 | D:1      | Learned a level 1 spell: Sting
   158 | D:1      | Reached skill level 4 in Spellcasting
   456 | D:1      | Reached XP level 2. HP: 19/19 MP: 5/7
   654 | D:1      | Learned a level 2 spell: Blink
   765 | D:1      | Reached XP level 3. HP: 16/24 MP: 2/9
   795 | D:1      | Reached skill level 5 in Spellcasting
  1352 | D:1      | Learned a level 3 spell: Mephitic Cloud
  1579 | D:2      | Reached skill level 1 in Poison Magic
  1579 | D:2      | Reached XP level 4. HP: 15/31 MP: 1/11
  1794 | D:2      | Reached skill level 6 in Spellcasting
  1840 | D:2      | Learned a level 2 spell: Call Imp
  1985 | D:2      | Reached skill level 1 in Dodging
  2181 | D:2      | Found a basalt altar of Yredelemnul.
  2225 | D:2      | Found an ancient bone altar of Kikubaaqudgha.
  2228 | D:2      | Found a blossoming altar of Fedhas.
  2728 | D:3      | Reached skill level 1 in Conjurations
  2728 | D:3      | Reached XP level 5. HP: 32/36 MP: 11/13
  2832 | D:3      | Noticed GEC's ghost (amateur GnWn)
  3008 | D:3      | Killed GEC's ghost
  3010 | D:3      | Reached skill level 7 in Spellcasting
  3279 | D:3      | Reached XP level 6. HP: 36/42 MP: 9/16
  3559 | D:3      | Reached skill level 1 in Short Blades
  3908 | D:4      | Noticed a phantom
  3935 | D:4      | Killed a phantom
  4058 | D:4      | Reached skill level 1 in Summonings
  4126 | D:4      | Reached XP level 7. HP: 28/47 MP: 11/18
  4131 | D:4      | Reached skill level 5 in Ice Magic
  4137 | D:4      | Noticed Grinder
  4378 | D:4      | Reached skill level 8 in Spellcasting
  4635 | D:4      | Found Feheg's Book Shop.
  4665 | D:4      | Learned a level 3 spell: Conjure Flame
  4673 | D:4      | Killed Blork the orc
  4696 | D:3      | HP: 1/47 [orc (5)]
  4699 | D:3      | Mangled by an orc priest

Vault maps used:
D:1:      dpeg_arrival_snail
D:2:      grunt_temple_overflow_growth_and_decay, lemuel_coloured_pillars_altar,
          st_stairs_7
D:3:      first_bread, minivault_5, kennysheep_generic_room_6
D:4:      cheibrodos_pilgrimage, lemuel_temple_firewalk_a, serial_shops,
          nicolae_shop_stone, uniq_blork_the_orc, uniq_eustachio, uniq_grinder

Skill      XL: |  1  2  3  4  5  6  7 |
---------------+----------------------+-----
Spellcasting   | 4 5 6 7 8 |  8.2
Ice Magic      | 4 5 |  5.6
Poison Magic   | 1 3 |  3.7
Dodging        | 1 2 |  2.1
Conjurations   | 1 2 3 |  3.5
Short Blades   | 1 2 |  2.4
Summonings     | 1 |  1.2
Fighting       | |  0.9
Throwing       | |  1.7
Stealth        | |  0.9
Shields        | |  1.7
Charms         | |  1.7
Translocations | |  4.8

Action                   |  1- 3 |  4- 6 |  7- 9 || total
-------------------------+-------+-------+-------++-------
Melee: Dagger            |    24 |       |       ||    24
       Short sword       |    15 |    36 |    12 ||    63
       Bite              |     2 |     1 |       ||     3
 Cast: Freeze            |    32 |    33 |    17 ||    82
       Sting             |    31 |    92 |    28 ||   151
       Blink             |     1 |       |     3 ||     4
       Call Imp          |       |     4 |     2 ||     6
  Use: Scroll            |     4 |     6 |       ||    10
       Potion            |       |       |     1 ||     1
  Eat: Chunk             |     2 |     8 |     1 ||    11
Armor: Robe              |    20 |     5 |     4 ||    29
Dodge: Dodged            |    37 |    37 |    17 ||    91
